 Dungeon Crawl Stone Soup version 0.23.2-33-g5129a83184 (webtiles) character file.

Game seed: 18305102177639928255

96609 Gwenloh the Impaler (level 15, -2/132 HPs)
             Began as a Minotaur Berserker on July 6, 2019.
             Was a High Priest of Trog.
             Shot with a bolt by Vashnia (8 damage)
             ... on level 2 of the Snake Pit.
             The game lasted 02:03:54 (24710 turns).

Gwenloh the Impaler (Minotaur Berserker)           Turns: 24710, Time: 02:03:55

Health: -2/132     AC: 16    Str: 22    XL:     15   Next: 69%
Magic:  0/14       EV: 17    Int:  8    God:    Trog [*****.]
Gold:   1651       SH: 18    Dex: 16    Spells: 14/14 levels left

rFire    x . .     SeeInvis +   R - +7 trident "Aluopt" {pierce, Int+4}
rCold    + . .     Gourm    .   N - +4 shield
rNeg     . . .     Faith    .   Z - +1 chain mail {rPois}
rPois    +         Spirit   +   (helmet restricted)
rElec    .         Reflect  .   W - scarf {cloud immunity}
rCorr    .         Harm     .   Q - +0 pair of gloves
MR       +....                  (no boots)
Stlth    ..........             d - amulet of guardian spirit
HPRegen  0.32/turn              B - ring of see invisible
MPRegen  0.14/turn              O - ring of ice

@: berserk cooldown, very slightly contaminated, slowed, very slow
A: retaliatory headbutt, horns 2
a: Berserk, Trog's Hand, Brothers in Arms, Renounce Religion


You were on level 2 of the Snake Pit.
You worshipped Trog.
Trog was extremely pleased with you.
You were not hungry.

You visited 5 branches of the dungeon, and saw 24 of its levels.

You collected 2030 gold pieces.
You spent 379 gold pieces at shops.

Inventory:

Hand Weapons
 a - a +5 trident of protection
 b - a +0 hunting sling
 M - a +2 demon trident of electrocution
 R - the +7 trident "Aluopt" (weapon) {pierce, Int+4}
   (You bought it in a shop on level 2 of the Orcish Mines)

   It inflicts extra damage upon your enemies.
   It affects your intelligence (+4).
Missiles
 g - 603 stones
 i - 258 sling bullets
 C - 26 tomahawks (quivered)
Armour
 m - a +5 scale mail
 u - a +0 large shield
 y - a +2 cloak
 N - a +4 shield (worn)
 Q - a +0 pair of gloves (worn)
 W - a scarf of cloud immunity (worn)
 X - a +2 plate armour of magic resistance
 Z - a +1 chain mail of poison resistance (worn)
Jewellery
 d - an amulet of guardian spirit (around neck)
 B - a ring of see invisible (left hand)
 O - a ring of ice (right hand)
Wands
 e - a wand of iceblast (27)
 j - a wand of paralysis (9)
 A - a wand of polymorph (9)
 D - a wand of disintegration (30)
 G - a wand of scattershot (9)
 I - a wand of flame (31)
 J - a wand of enslavement (23)
 T - a wand of digging (17)
Scrolls
 h - 3 scrolls of immolation
 k - 6 scrolls of remove curse
 l - 6 scrolls of teleportation
 o - a scroll of magic mapping
 p - a scroll of blinking
 z - 3 scrolls of fog
 L - 9 scrolls of identify
Potions
 f - 5 potions of curing
 q - 2 potions of flight
 r - a potion of lignification
 s - 6 potions of mutation
 v - 2 potions of brilliance
 w - 4 potions of agility
 E - a potion of cancellation
 H - 4 potions of magic
 P - 4 potions of might
 U - a potion of ambrosia
 Y - a potion of berserk rage
Miscellaneous
 t - a fan of gales
 K - a box of beasts
 S - a fan of gales
Comestibles
 c - 37 rations


   Skills:
 + Level 11.9 Fighting
 + Level 15.8 Polearms
 + Level 15.5 Armour
 + Level 14.5 Dodging
 - Level 15.5 Shields


You had 14 spell levels left.
You didn't know any spells.
Your spell library was empty.

Dungeon Overview and Level Annotations

Branches:
Dungeon (15/15)            Temple (1/1) D:7            Lair (4/6) D:11
 Shoals (0/4) Lair:4        Snake (2/4) Lair:4          Orc (2/2) D:11
    Elf (0/3) Orc:2        Vaults (0/5) D:14         Depths (0/5) D:15

Altars:
Ashenzari
Cheibriados
Dithmenos
Elyvilon
Fedhas
Gozag
Hepliaklqana
Kikubaaqudgha
Makhleb
Nemelex Xobeh
Okawaru
Qazlal
Ru
Sif Muna
Trog
Uskayaw
Vehumet
Wu Jian
Xom
Yredelemnul
Zin
The Shining One
Beogh

Shops:
D:6 }   Orc:2 *}%(%

Portals:
Pandemonium: Orc:2

Annotations:
Snake:2 Vashnia


Innate Abilities, Weirdness & Mutations

You reflexively headbutt those who attack you in melee.
You have a pair of horns on your head.


Message History

The naga sharpshooter mumbles some strange words.
The naga sharpshooter magically shoots an arrow.
The arrow hits you.
* * * LOW HITPOINT WARNING * * *
The naga sharpshooter spits poison at you.
You block the splash of poison.
The naga sharpshooter spits poison at you.
The splash of poison misses you.
There is a stone staircase leading up here.
The naga sharpshooter shoots an arrow.
You block the arrow.
You climb upwards.
There is a stone staircase leading down here.
Unknown command.
You climb downwards.
Level annotation: Vashnia
There is a stone staircase leading up here.
You see here an arrow.
Vashnia gestures wildly while chanting.
Vashnia magically shoots a bolt.
The bolt hits you!
You die...

#..?......#...#.#...###...
#........######.#####...##
##.......#..).[...........
#########.)#.".#....?....
#..#....)[#####.........
#..###...(.............#
#....#.......###########
##....#......##...#
###.....#.@(.###....#
#.......##N.##.#....# #
#.......>..)#......## N#
#.......N#.[)..##.## .N
#.....§N(#.(#...N.(###.###
#.....(((####...(#.N.N...#
##.#####.((N§....#.......#
... ###(#####.#....#.##
... ###.....#....# .#


You could see Vashnia and 2 naga sharpshooters.

Vanquished Creatures
  Frances (Snake:2)
  Kirke (D:15)
  2 entropy weavers (D:13)
  Nessos (D:15)
  Josephine (Snake:1)
  Harold (D:11)
  6 naga warriors
  2 hydras
  4 anacondas
  8 death yaks
  3 two-headed ogres
  2 centaur warriors
  2 death knights
  A queen ant (D:13)
  2 naga sharpshooters
  Sonja (D:12)
  5 orc high priests
  A sixfirhy (Orc:2)
  3 skeletal warriors
  2 unseen horrors (D:13)
  A salamander mystic (Snake:2)
  A torturous demonspawn (Orc:2)
  A gelid demonspawn (Orc:2)
  A flayed ghost (D:15)
  A naga ritualist (Snake:2)
  An infernal demonspawn (Orc:2)
  A necromancer (D:15)
  Pikel (D:9)
  9 orc knights
  A wolf spider (D:15)
  A mana viper (Snake:1)
  4 ugly things
  9 orc sorcerers
  4 cyclopes
  5 salamanders
  3 manticores
  2 merfolk sirens (Lair:4)
  3 naga magi
  Maurice (Orc:1)
  3 centaur zombies
  15 black mambas
  A torpor snail (Lair:3)
  3 spiny frogs (Lair:2)
  4 yaktaurs (D:14)
  A freezing wraith (D:11)
  A komodo dragon (D:14)
  2 ice devils (Orc:2)
  A red devil (Orc:2)
  2 merfolk (Lair:4)
  7 trolls
  An ice dragon zombie (D:15)
  17 blink frogs
  2 spriggan zombies (D:15)
  6 slime creatures
  7 hippogriffs
  7 wraiths
  A spriggan (D:7)
  A wyvern (D:7)
  2 basilisks
  6 yaks (Lair:3)
  5 hungry ghosts
  4 hogs
  A chaos spawn (Orc:2)
  12 nagas
  A human zombie (D:15)
  13 soldier ants
  2 wargs
  2 acid dragons
  3 porcupines
  10 water moccasins
  4 ice beasts
  A slave (D:9)
  2 hornet zombies
  14 ogres
  3 sky beasts
  36 orc warriors
  An eye of draining (D:15)
  2 phantoms
  2 necrophages
  15 wolves
  3 centaurs (D:14)
  2 big kobolds
  4 crocodiles
  Blork the orc (D:5)
  16 bullfrogs
  3 wyvern skeletons
  3 scorpions
  2 troll zombies (D:11)
  8 killer bees
  16 wights
  2 bullfrog zombies
  A howler monkey (D:6)
  6 crimson imps
  7 centaur skeletons
  7 hounds
  10 jellies
  35 orc priests
  A quasit (D:6)
  41 orc wizards
  A bullfrog skeleton (D:6)
  24 worker ants
  2 iguanas
  6 ogre zombies (D:11)
  10 gnolls
  4 adders
  4 shadow imps
  13 oozes
  A worm (shapeshifter) (D:13)
  4 worms
  4 dart slugs
  7 leopard geckos
  107 orcs
  17 bats
  8 giant cockroaches
  7 goblins
  10 hobgoblins
  15 jackals
  16 kobolds
  9 quokkas
  2 ball pythons
  2 frilled lizards
  2 goblin zombies (D:11)
  A hobgoblin skeleton (D:11)
  3 hobgoblin zombies (D:11)
  A jackal skeleton (D:4)
  A leopard gecko skeleton (D:8)
  5 orc skeletons (D:11)
  14 orc zombies (D:11)
  A quokka skeleton (D:2)
  A quokka zombie (D:5)
  10 rats
802 creatures vanquished.

Vanquished Creatures (collateral kills)
  Rupert (Lair:4)
  A fire crab (Lair:2)
  2 blink frogs (Lair:2)
  A porcupine (Lair:4)
  4 orc warriors (Orc:1)
  An ogre (Orc:1)
  An orc priest (Orc:1)
  3 orc wizards (Orc:1)
  5 orcs (Orc:1)
19 creatures vanquished.

Vanquished Creatures (others)
  2 slaves (D:9)
  2 orcs (Orc:1)
  8 fungi
  2 plants (Lair:2)
14 creatures vanquished.

Grand Total: 835 creatures vanquished

Notes
Turn   | Place    | Note
-------+----------+-------------------------------------------
     0 | D:1      | Gwenloh the Minotaur Berserker began the quest for the Orb.
     0 | D:1      | Reached XP level 1. HP: 19/19 MP: 0/0
   292 | D:1      | Reached XP level 2. HP: 27/27 MP: 1/1
   564 | D:1      | Reached ** piety under Trog
   717 | D:1      | Reached XP level 3. HP: 33/33 MP: 2/2
  1341 | D:2      | Reached *** piety under Trog
  1420 | D:2      | Reached XP level 4. HP: 40/40 MP: 3/3
  2191 | D:3      | Found a basalt altar of Yredelemnul.
  2521 | D:3      | You fall through a shaft!
  2521 | D:4      | Found a sacrificial altar of Ru.
  2527 | D:4      | Reached XP level 5. HP: 47/47 MP: 4/4
  2528 | D:4      | Found a snail-covered altar of Cheibriados.
  2529 | D:4      | Found an ornate altar of the Wu Jian Council.
  2575 | D:4      | Found a hazy altar of Hepliaklqana.
  3054 | D:4      | Reached skill level 5 in Polearms
  3133 | D:4      | Reached skill level 5 in Fighting
  3146 | D:4      | Reached XP level 6. HP: 35/56 MP: 3/5
  3261 | D:4      | Reached **** piety under Trog
  3688 | D:5      | Entered Level 5 of the Dungeon
  3803 | D:5      | Found Zin's Purification Station.
  3815 | D:5      | Found a glowing silver altar of Zin.
  3839 | D:5      | Noticed Blork the orc
  3854 | D:5      | Killed Blork the orc
  3854 | D:5      | Reached skill level 5 in Armour
  3900 | D:5      | Bought a potion of curing for 90 gold pieces
  3976 | D:5      | Reached XP level 7. HP: 57/62 MP: 6/6
  4139 | D:5      | Reached skill level 5 in Dodging
  4529 | D:6      | Reached XP level 8. HP: 71/71 MP: 7/7
  4741 | D:6      | Found Taisuif's Gadget Shop.
  4794 | D:6      | Received a gift from Trog
  5173 | D:6      | Reached XP level 9. HP: 81/81 MP: 8/8
  5178 | D:6      | Found a white marble altar of Elyvilon.
  5236 | D:7      | Reached ***** piety under Trog
  5608 | D:7      | Found a shimmering altar of Xom.
  5608 | D:7      | Found a deep blue altar of Sif Muna.
  5611 | D:7      | Found an iron altar of Okawaru.
  5792 | D:7      | Reached XP level 10. HP: 82/91 MP: 9/9
  6024 | D:7      | Found a staircase to the Ecumenical Temple.
  6033 | Temple   | Entered the Ecumenical Temple
  6891 | D:8      | Reached skill level 10 in Polearms
  7014 | D:9      | Noticed Pikel
  7027 | D:9      | Killed Pikel
  7027 | D:9      | Reached skill level 10 in Fighting
  7206 | D:9      | Noticed a cyclops
  7252 | D:9      | Killed a cyclops
  7631 | D:9      | Reached skill level 10 in Armour
  7915 | D:10     | Entered Level 10 of the Dungeon
  8055 | D:10     | Reached XP level 11. HP: 95/101 MP: 10/10
  8393 | D:10     | Received a gift from Trog
  8738 | D:11     | Found a gate leading to a gauntlet.
  8749 | D:11     | Reached ****** piety under Trog
  8749 | D:11     | Reached skill level 1 in Shields
  8864 | D:11     | Noticed a two-headed ogre
  8872 | D:11     | Killed a two-headed ogre
  8887 | D:11     | Noticed Harold
  8908 | D:11     | Found a staircase to the Orcish Mines.
  8918 | D:11     | Killed Harold
  8918 | D:11     | Reached skill level 10 in Dodging
  9249 | D:11     | Found a staircase to the Lair.
  9464 | D:11     | Noticed a white ugly thing
  9474 | D:11     | Killed a white ugly thing
  9474 | D:11     | Reached skill level 5 in Shields
  9705 | D:10     | Got a warped halberd {god gift}
  9712 | D:10     | Identified the +3 halberd of Nihilism {venom, *Slow +Inv
                  | rElec Dex+6} (Trog gifted it to you on level 10 of the
                  | Dungeon)
  9751 | Lair:1   | Entered Level 1 of the Lair of Beasts
 10639 | Lair:2   | Noticed a fire crab
 10662 | Lair:2   | Killed a fire crab
 10926 | Lair:2   | Received a gift from Trog
 11079 | Lair:2   | Noticed a death yak
 11079 | Lair:2   | Noticed a death yak
 11080 | Lair:2   | Noticed an eight-headed hydra
 11081 | Lair:2   | Noticed a death yak
 11125 | Lair:2   | Killed a death yak
 11125 | Lair:2   | Reached XP level 12. HP: 60/108 MP: 5/11
 11851 | Lair:2   | Killed an eight-headed hydra
 12068 | Lair:1   | Killed a death yak
 12193 | Lair:2   | Killed a death yak
 13147 | Lair:4   | Noticed a death yak
 13166 | Lair:4   | Killed a death yak
 13166 | Lair:4   | Reached skill level 10 in Shields
 13170 | Lair:4   | Noticed a death yak
 13170 | Lair:4   | Noticed a death yak
 13170 | Lair:4   | Noticed a death yak
 13171 | Lair:4   | Noticed a death yak
 13179 | Lair:4   | Killed a death yak
 13184 | Lair:4   | Killed a death yak
 13193 | Lair:4   | Killed a death yak
 13202 | Lair:4   | Killed a death yak
 13256 | Lair:4   | Noticed Rupert
 13273 | Lair:4   | Killed Rupert
 13273 | Lair:4   | Reached XP level 13. HP: 32/115 MP: 2/12
 13570 | Lair:4   | Found a staircase to the Shoals.
 13786 | Lair:4   | Found a staircase to the Snake Pit.
 14346 | Orc:1    | Entered Level 1 of the Orcish Mines
 14346 | Orc:1    | Noticed Maurice
 14359 | Orc:1    | Killed Maurice
 14426 | Orc:1    | Received a gift from Trog
 14765 | Orc:1    | Found a roughly hewn altar of Beogh.
 14955 | Orc:2    | Entered Level 2 of the Orcish Mines
 15292 | Orc:2    | Found a roughly hewn altar of Beogh.
 15303 | Orc:2    | Found a staircase to the Elven Halls.
 15559 | Orc:2    | Received a gift from Trog
 15937 | Orc:2    | Found Ubeepyl's Food Emporium.
 16115 | Orc:2    | Found Ratzea's Food Shoppe.
 16513 | Orc:2    | Paralysed by an orc sorcerer for 4 turns
 16538 | Orc:2    | Reached XP level 14. HP: 107/122 MP: 10/13
 16756 | Orc:2    | Found Akit's Antique Weapon Boutique.
 16756 | Orc:2    | Found Honaocexzie's Gadget Shop.
 16756 | Orc:2    | Found a one-way gate leading to the halls of Pandemonium.
 16768 | Orc:2    | Bought a twisted trident for 289 gold pieces
 16770 | Orc:2    | Identified the +7 trident "Aluopt" {pierce, Int+4} (You
                  | bought it in a shop on level 2 of the Orcish Mines)
 16855 | Orc:2    | Found Zesk's Assorted Antiques.
 16965 | Orc:1    | Received a gift from Trog
 17436 | D:12     | Noticed Sonja
 17452 | D:12     | Killed Sonja
 18366 | D:13     | Noticed an entropy weaver
 18388 | D:13     | Killed an entropy weaver
 18498 | D:13     | Noticed an entropy weaver
 18518 | D:13     | Killed an entropy weaver
 18594 | D:13     | Received a gift from Trog
 20352 | D:14     | Found a gate to the Vaults.
 20702 | D:15     | Entered Level 15 of the Dungeon
 20722 | D:15     | Reached skill level 15 in Shields
 21099 | D:15     | Found a staircase to the Depths.
 21115 | D:15     | Reached skill level 15 in Polearms
 21198 | D:15     | Received a gift from Trog
 21198 | D:15     | Reached XP level 15. HP: 117/128 MP: 12/14
 21391 | D:15     | Noticed Kirke
 21517 | D:15     | Killed Kirke
 21818 | D:15     | Found a white marble altar of Elyvilon.
 21833 | D:15     | Noticed Nessos
 21848 | D:15     | Killed Nessos
 22407 | Snake:1  | Entered Level 1 of the Snake Pit
 22797 | Snake:1  | Reached skill level 15 in Armour
 22829 | Snake:1  | Noticed Josephine
 22839 | Snake:1  | Killed Josephine
 22870 | Snake:1  | Found a glowing silver altar of Zin.
 23406 | Snake:2  | Noticed a nagaraja
 24099 | Snake:2  | Noticed Frances
 24121 | Snake:2  | Killed Frances
 24196 | Snake:2  | Received a gift from Trog
 24649 | Snake:2  | Noticed Vashnia
 24703 | Snake:2  | HP: 4/132 [naga sharpshooter/arrow[Vashnia] (10)]
 24710 | Snake:2  | Shot with a bolt by Vashnia

Skill      XL: |  1  2  3  4  5  6  7  8  9 10 11 12 13 14 15 |
---------------+----------------------------------------------+-----
Fighting       | 4 5 6 7 9 10 11 | 11.9
Polearms       | 4 5 6 8 9 10 11 13 14 15 | 15.8
Armour         | 3 4 5 6 7 9 10 11 12 13 14 15 | 15.5
Dodging        | 3 4 5 6 8 9 10 11 12 13 14 | 14.5
Shields        | 7 10 13 15 | 15.5

Action                   |  1- 3 |  4- 6 |  7- 9 | 10-12 | 13-15 || total
-------------------------+-------+-------+-------+-------+-------++-------
Melee: Spear             |    95 |   192 |    24 |       |       ||   311
       Headbutt          |    12 |    36 |    61 |   176 |   336 ||   621
       Trident           |       |       |   308 |   880 |  1582 ||  2770
       Demon trident     |       |       |       |       |    54 ||    54
       Unarmed           |       |       |       |       |     2 ||     2
 Fire: Hunting sling     |    35 |    27 |     5 |    35 |       ||   102
Throw: Tomahawk          |       |       |       |       |    63 ||    63
Invok: Trog's Hand       |       |     3 |     5 |     5 |    12 ||    25
       Berserk           |       |     2 |     2 |     4 |     7 ||    15
       Brothers in Arms  |       |       |       |     3 |     4 ||     7
Evoke: Wand              |       |       |     1 |     3 |     1 ||     5
  Use: Scroll            |       |    16 |     2 |    10 |    15 ||    43
       Potion            |       |       |       |     3 |     6 ||     9
 Stab: Sleeping          |     1 |       |       |       |       ||     1
       Distracted        |       |       |       |     1 |     1 ||     2
  Eat: Chunk             |     2 |    11 |    10 |    28 |    39 ||    90
       Ration            |       |       |       |     2 |     4 ||     6
Armor: Animal skin       |     5 |       |       |       |       ||     5
       Leather armour    |     3 |       |       |       |       ||     3
       Scale mail        |    15 |    54 |   115 |   202 |   198 ||   584
       Chain mail        |       |       |       |       |    31 ||    31
Dodge: Dodged            |    43 |    62 |   190 |   357 |   488 ||  1140
Block: Shield            |       |       |       |    82 |   613 ||   695
